 Dungeon Crawl Stone Soup version 0.23-a0-642-g3120c2f (webtiles) character file.

9886 MisterFreud the Carver (level 11, -5/72 HPs)
             Began as an Octopode Gladiator on Dec 30, 2018.
             Was an Elder of Cheibriados.
             Slain by an orc warrior
             ... wielding a +0 hand axe
              (22 damage)
             ... on level 11 of the Dungeon.
             The game lasted 00:22:28 (10191 turns).

MisterFreud the Carver (Octopode Gladiator)        Turns: 10191, Time: 00:22:29

Health: -5/72      AC:  2    Str: 22    XL:     11   Next: 53%
Magic:  32/33      EV: 23    Int: 28    God:    Cheibriados [****..]
Gold:   523        SH:  0    Dex: 23    Spells: 10/10 levels left

rFire    . . .     SeeInvis +   a - +3 scimitar
rCold    . . .     Gourm    .   (no shield)
rNeg     . . .     Faith    .   b - +1 hat
rPois    .         Spirit   .   p - amulet of magic regeneration
rElec    .         Reflect  .   g - ring of magical power
rCorr    .         Harm     .   n - ring of magical power
MR       .....                  v - ring of see invisible
Stlth    +++.......             w - +5 ring of intelligence
HPRegen  0.22/turn              (no ring)
MPRegen  0.48/turn              (no ring)
                                (no ring)
                                (no ring)

@: very slow
A: almost no armour, stealthy swim, amphibious, 8 rings, constrict 8, camouflage
1, gelatinous body 1
a: Bend Time, Temporal Distortion, Slouch, Renounce Religion


You were on level 11 of the Dungeon.
You worshipped Cheibriados.
Cheibriados was greatly pleased with you.
You were not hungry.

You visited 2 branches of the dungeon, and saw 12 of its levels.

You collected 546 gold pieces.
You spent 23 gold pieces at shops.

Inventory:

Hand Weapons
 a - a +3 scimitar (weapon)
Missiles
 c - 2 throwing nets
 i - 50 poisoned needles
 s - 152 stones
 x - 7 tomahawks
 A - 167 arrows
 B - 100 sling bullets
 C - 5 silver javelins
 F - 8 javelins (quivered)
 G - 84 bolts
 J - 3 needles of sleeping
Armour
 b - a +1 hat (worn)
Jewellery
 g - a ring of magical power (left tentacle)
 k - an uncursed ring of fire
 n - a ring of magical power (right tentacle)
 p - an amulet of magic regeneration (around mantle)
 v - a ring of see invisible (on tentacle)
 w - a +5 ring of intelligence (on tentacle)
Wands
 y - a wand of disintegration (15)
 L - a wand of digging (3)
 M - a wand of flame (21)
Scrolls
 f - a scroll of fog
 h - 6 scrolls of remove curse
 j - a scroll of amnesia
 m - 2 scrolls of magic mapping
 o - 11 scrolls of identify
 t - 2 scrolls of enchant armour
 u - 4 scrolls of teleportation
 K - a scroll of acquirement {unknown}
Potions
 e - 3 potions of lignification
 l - a potion of haste {unknown}
 q - a potion of heal wounds
 z - 3 potions of invisibility
 D - 2 potions of might
 E - a potion of brilliance
 H - 2 potions of flight
 I - 3 potions of curing
Comestibles
 d - 25 rations


   Skills:
 - Level 6.0 Fighting
 - Level 12.0 Long Blades
 - Level 2.0 Throwing
 + Level 11.0 Dodging
 - Level 6.0 Invocations


You had 10 spell levels left.
You didn't know any spells.
Your spell library contained the following spells:

 Spells                   Type           Power        Failure   Level  Hunger
 Corona                   Hex            #......      11%         1    ##.....
 Infusion                 Chrm           #...         11%         1    ##.....
 Shock                    Conj/Air       #...         11%         1    ##.....
 Ensorcelled Hibernation  Hex/Ice        #.....       17%         2    ###....
 Swiftness                Chrm/Air       #.......     17%         2    ###....
 Confuse                  Hex            #.......     32%         3    ####...
 Dazzling Spray           Conj/Hex       #.....       32%         3    ####...
 Ignite Poison            Fire/Tmut/Pois #.......     32%         3    ####...
 Static Discharge         Conj/Air       #.......     32%         3    ####...
 Tukima's Dance           Hex            #.......     32%         3    ####...
 Airstrike                Air            #.........   73%         4    #####..
 Fireball                 Conj/Fire      #.........   97%         5    ######.
 Lightning Bolt           Conj/Air       #.........   97%         5    ######.


Dungeon Overview and Level Annotations

Branches:
Dungeon (11/15)            Temple (1/1) D:5            Lair (0/6) D:10
    Orc: D:9-12

Altars:
Cheibriados
Elyvilon
Fedhas
Kikubaaqudgha
Makhleb
Nemelex Xobeh
Okawaru
Ru
Sif Muna
Trog
Uskayaw
Xom
The Shining One

Shops:
D:7 *


Innate Abilities, Weirdness & Mutations

You cannot wear most types of armour.
You are very stealthy in the water. (Stealth+)
You are amphibious.
You can wear up to eight rings at the same time.
You can use your tentacles to constrict eight enemies at once.
Your skin changes colour to match your surroundings (Stealth+).
Your rubbery body absorbs attacks. (AC +1, EV +1)


Message History

Cheibriados appreciates the change of pace.
Your Dodging skill increases to level 11!
You hit the orc but do no damage. Your grab misses the orc.
Your squeeze misses the orc. You hit the orc but do no damage.
You grab the orc. You squeeze the orc, but do no damage. You constrict the orc.
The orc barely misses you.
You riposte.
You hit the orc. You squeeze the orc.
You kill the orc!
Cheibriados appreciates the change of pace.
The orc sings a few bars from the Orcish anthem.
You hit the orc. You grab the orc. You squeeze the orc.
You kill the orc!
Cheibriados appreciates the change of pace.
Evoke which item? (* to show all) (? for menu, Esc to quit)
Aiming: Disintegrate
Press: ? - help, Shift-Dir - straight line, f - orc warrior
Aim: an orc warrior, wielding a +0 hand axe and wearing a +0 plate armour The orc warrior struggles to resist.
The orc warrior hits you with a +0 hand axe!!
You die...

#.# ###.#####
#.......#
####.#####.# . ##
#....# #.### ).
.####.##.# ###...#
..)
.#....##...#...#.#
)...
...#######.#.###.#
))..† .### .#.#
#@##)).).) ## ###
#.o).)))..
####...).) ##'##


You could see an orc warrior.

Vanquished Creatures
  An ugly thing (D:11)
  Prince Ribbit (D:5)
  2 trolls
  Sigmund (D:3)
  2 hippogriffs
  11 yaks
  2 hogs (D:7)
  A human (D:7)
  A water moccasin (D:9)
  3 porcupines (D:10)
  A necrophage (D:7)
  5 orc warriors
  An ice beast (D:9)
  A black bear (D:8)
  An eye of draining (D:9)
  5 phantoms
  2 sky beasts
  11 ogres
  2 centaurs
  3 crocodiles (D:10)
  A big kobold (D:6)
  8 bullfrogs
  2 scorpions
  11 wights
  2 howler monkeys
  4 crimson imps
  A centaur zombie (D:5)
  A quasit (D:7)
  5 hounds
  A jelly (D:5)
  Crazy Yiuf (D:3)
  14 orc priests
  3 centaur skeletons
  12 orc wizards
  Natasha (D:3)
  An iguana (D:6)
  A worker ant (D:7)
  A worker ant zombie (D:7)
  A howler monkey zombie (D:10)
  4 gnolls (D:6)
  A howler monkey skeleton (D:7)
  4 adders
  A shadow imp (D:5)
  2 oozes
  3 adder skeletons
  3 worms
  A dart slug (D:1)
  7 leopard geckos
  53 orcs
  14 bats
  10 giant cockroaches
  2 goblins (D:2)
  9 hobgoblins
  5 jackals
  12 kobolds
  4 quokkas
  A frilled lizard (D:4)
  A jackal skeleton (D:6)
  18 rats
283 creatures vanquished.

Vanquished Creatures (collateral kills)
  2 hogs (D:7)
2 creatures vanquished.

Vanquished Creatures (others)
  A bush (D:10)
  3 fungi (D:10)
  13 plants (D:10)
17 creatures vanquished.

Grand Total: 302 creatures vanquished

Notes
Turn   | Place    | Note
-------+----------+-------------------------------------------
     0 | D:1      | MisterFreud the Octopode Gladiator began the quest for the
                  | Orb.
     0 | D:1      | Reached XP level 1. HP: 14/14 MP: 1/1
   204 | D:1      | Reached XP level 2. HP: 11/19 MP: 2/2
   489 | D:1      | Reached skill level 4 in Long Blades
   560 | D:1      | Reached XP level 3. HP: 24/24 MP: 3/3
  1108 | D:2      | Reached XP level 4. HP: 17/29 MP: 4/4
  1386 | D:2      | Reached skill level 5 in Long Blades
  1866 | D:3      | Reached XP level 5. HP: 20/34 MP: 5/5
  1913 | D:3      | Reached skill level 6 in Long Blades
  2159 | D:3      | Reached XP level 6. HP: 26/39 MP: 6/6
  2306 | D:3      | Noticed Sigmund
  2317 | D:3      | Killed Sigmund
  2317 | D:3      | Reached skill level 7 in Long Blades
  2403 | D:3      | Noticed Natasha
  2410 | D:3      | Killed Natasha
  2410 | D:3      | Reached XP level 7. HP: 25/45 MP: 7/7
  2457 | D:3      | Found a runed door.
  2538 | D:3      | Noticed Crazy Yiuf
  2543 | D:3      | Killed Crazy Yiuf
  2807 | D:4      | Reached skill level 8 in Long Blades
  3530 | D:4      | Found a sparkling altar of Nemelex Xobeh.
  3668 | D:5      | Entered Level 5 of the Dungeon
  3716 | D:5      | Found a staircase to the Ecumenical Temple.
  3784 | Temple   | Entered the Ecumenical Temple
  3796 | Temple   | Became a worshipper of Cheibriados the Contemplative
  3844 | D:5      | Reached skill level 5 in Dodging
  3960 | D:5      | Noticed Prince Ribbit
  3967 | D:5      | Killed Prince Ribbit
  3967 | D:5      | Reached XP level 8. HP: 46/50 MP: 8/8
  5114 | D:6      | Reached * piety under Cheibriados
  5305 | D:6      | Reached XP level 9. HP: 58/58 MP: 9/9
  5592 | D:6      | Reached skill level 5 in Fighting
  5643 | D:7      | Found Hiolloal's Assorted Antiques.
  5681 | D:7      | Reached ** piety under Cheibriados
  6102 | D:7      | Bought a scroll labeled WIFIZ METIHA for 23 gold pieces
  6176 | D:7      | Reached skill level 9 in Long Blades
  6598 | D:7      | Reached skill level 10 in Long Blades
  6604 | D:7      | Reached XP level 10. HP: 32/68 MP: 10/10
  6930 | D:8      | Reached skill level 11 in Long Blades
  7002 | D:8      | Reached *** piety under Cheibriados
  7256 | D:8      | Reached skill level 1 in Invocations
  7467 | D:8      | Found a glowing golden altar of the Shining One.
  8079 | D:9      | Reached **** piety under Cheibriados
  8079 | D:9      | Reached skill level 12 in Long Blades
  8412 | D:9      | Identified the Volume of the Boosting Arsonist
  8434 | D:9      | HP: 3/68 [centaur/arrow (12)]
  8926 | D:10     | Entered Level 10 of the Dungeon
  9023 | D:10     | Reached skill level 5 in Invocations
  9200 | D:10     | Reached XP level 11. HP: 72/72 MP: 15/15
  9645 | D:10     | Reached skill level 10 in Dodging
  9921 | D:10     | Found a staircase to the Lair.
 10170 | D:11     | Noticed a white ugly thing
 10171 | D:11     | Reached ***** piety under Cheibriados
 10184 | D:11     | Killed a white ugly thing
 10191 | D:11     | Slain by an orc warrior

Vault maps used:
D:1:      minmay_arrival_radiant_lines
D:3:      first_ration, uniq_crazy_yiuf_cottage, uniq_natasha, uniq_sigmund
D:4:      lemuel_doored_altar
D:5:      minmay_temple_entry_statues, kennysheep_small_spiral,
          uniq_prince_ribbit1
D:7:      serial_shops, shop, grunt_livestock
D:8:      nicolae_ossuary_entry_false_entrances, tso_altar
D:9:      roderic_malta_cross
D:10:     minmay_lair_entry_grove, nrook_loot_triangle, dk_rats_in_the_wall
D:11:     orc_david_3
Temple:   grunt_wide_crystal_templ

Skill      XL: |  1  2  3  4  5  6  7  8  9 10 11 |
---------------+----------------------------------+-----
Long Blades    | 4 5 6 7 8 10 12 | 12.0
Dodging        | 6 8 11 | 11.0
Fighting       | 3 6 |  6.0
Invocations    | 6 |  6.0
Throwing       | |  2.0

Action                   |  1- 3 |  4- 6 |  7- 9 | 10-12 || total
-------------------------+-------+-------+-------+-------++-------
Melee: Long sword        |    57 |    86 |   222 |   144 ||   509
       Constrict         |    20 |    28 |    59 |    46 ||   153
       Tentacles         |    15 |    24 |    74 |   102 ||   215
       Scimitar          |       |       |       |    58 ||    58
Throw: Javelin           |       |       |     7 |    53 ||    60
       Throwing net      |       |       |       |     2 ||     2
Invok: Slouch            |       |       |       |     3 ||     3
       Temporal Distorti |       |       |       |     1 ||     1
Evoke: Wand              |       |       |       |     1 ||     1
  Use: Potion            |       |     1 |     2 |     2 ||     5
       Scroll            |       |       |    22 |       ||    22
 Stab: Sleeping          |     6 |     4 |     4 |     5 ||    19
  Eat: Chunk             |     1 |     4 |    11 |     7 ||    23
Armor: Skin              |     9 |     4 |    10 |     4 ||    27
Dodge: Dodged            |    40 |    41 |   201 |   160 ||   442
       Rpst.: Long sword |    20 |    14 |    56 |    35 ||   125
       Scimitar          |       |       |       |    13 ||    13

Table legend:
 A = Non-vault XP
 B = Vault XP
 C = Vault XP percentage of total XP
 D = Non-vault monster count
 E = Vault monster count
 F = Vault count percentage of total count
                 A         B        C        D         E       F
            +---------+---------+-------+---------+---------+-------
      Total |   10303 |    3820 |  27.0 |     241 |      44 |  15.4
            +---------+---------+-------+---------+---------+-------
        D:1 |      43 |       0 |   0.0 |      24 |       0 |   0.0
        D:2 |      86 |       0 |   0.0 |      34 |       0 |   0.0
        D:3 |     244 |     316 |  56.4 |      28 |       3 |   9.7
        D:4 |     279 |       0 |   0.0 |      11 |       0 |   0.0
        D:5 |     488 |     286 |  37.0 |      11 |       1 |   8.3
        D:6 |    1021 |       0 |   0.0 |      21 |       0 |   0.0
        D:7 |    1412 |     757 |  34.9 |      35 |       5 |  12.5
        D:8 |    1407 |       0 |   0.0 |      26 |       0 |   0.0
        D:9 |    1957 |       0 |   0.0 |      25 |       0 |   0.0
       D:10 |    2628 |    1845 |  41.2 |      23 |      12 |  34.3
       D:11 |     738 |     616 |  45.5 |       3 |      23 |  88.5
            +---------+---------+-------+---------+---------+-------
